 Dungeon Crawl Stone Soup version 0.30-b1-2-g02819fbbbe (webtiles) character file.

Game seed: 13392025439574456075

738029 Dirian the Minotaur Barricade (level 27, 0/273 HPs)
             Began as a Minotaur Monk on May 10, 2023.
             Was the Champion of Zin.
             Slain by a sixfirhy (3 damage)
             ... led by a cacodemon
             ... while paralysed by a floating eye
             ... in Pandemonium.
             The game lasted 04:48:46 (67930 turns).

Dirian the Minotaur Barricade (Minotaur Monk)      Turns: 67930, Time: 04:48:47

Health: 0/273      AC: 46    Str: 32    XL:     27
Magic:  39/39      EV: -1    Int: 14    God:    Zin [******]
Gold:   7820       SH:  0    Dex: 36    Spells: 26/26 levels left

rFire   + + .        a - +9 eudemon blade (holy)
rCold   + + .        X - +4 tower shield {rC+}
rNeg    + . .        s - +12 gold dragon scales
rPois   ∞            (helmet restricted)
rElec   +            x - +1 cloak of Blue Skies {Regen+}
rCorr   +            M - +2 pair of gloves
SInv    +            K - +1 pair of boots of Foolhardiness {rF+ Str+2 Dex+3}
Will    +++..        e - amulet of Daffodils {Faith rPois Dex+2 SInv} Stlth
                     C - ring "Soviurry" {+Blink rElec rN+ rCorr Int-2}
HPRegen 1.45/turn    l - ring of willpower
MPRegen 0.26/turn

%: faith
@: paralysed, vitalised, hasted, constricted, studying 4 skills
A: horns 2, retaliatory headbutt
}: 7/15 runes: decaying, serpentine, slimy, silver, abyssal, demonic, fiery
a: Renounce Religion, Evoke Blink, Recite, Vitalisation, Imprison, Sanctuary,
Donate Gold


You were in Pandemonium.
You worshipped Zin.
Zin was exalted by your worship.
You visited 11 branches of the dungeon, and saw 51 of its levels.
You visited Pandemonium 1 time, and saw 9 of its levels.
You visited the Abyss 1 time.
You also visited: Gauntlet and Ice Cave.

You collected 10540 gold pieces.
You spent 2072 gold pieces at shops.
You donated 648 gold pieces to Zin.

Inventory:

Hand Weapons
 a - a +9 eudemon blade of holy wrath (weapon)
Missiles
 G - a throwing net (quivered)
Armour
 b - the +4 tower shield of Ekebucla {rElec rC- Stlth+}
   (You took it off a daeva in Pandemonium)

   rC:        It makes you vulnerable to cold.
   rElec:     It insulates you from electricity.
   Stlth:     It makes you more stealthy.
 i - +0 pearl dragon scales
 s - +12 gold dragon scales (worn)
 x - the +1 cloak of Blue Skies (worn) {Regen+}
   (You found it in a Gauntlet)

   Regen:     It increases your rate of health regeneration.
 K - the +1 pair of boots of Foolhardiness (worn) {rF+ Str+2 Dex+3}
   (You bought it in a shop on level 2 of the Snake Pit)

   Str:       It affects your strength (+2).
   Dex:       It affects your dexterity (+3).
   rF:        It protects you from fire.
 M - a +2 pair of gloves (worn)
 X - a +4 tower shield of cold resistance (worn)
Jewellery
 e - the amulet of Daffodils (around neck) {Faith rPois Dex+2 SInv}
   (You took it off a deep elf demonologist on level 5 of the Vaults)

   [amulet of faith]

   It allows you to gain divine favour quickly.
   Dex:       It affects your dexterity (+2).
   rPois:     It protects you from poison.
   SInv:      It lets you see invisible.
 g - the ring "Iraoti" {rN+ Int+3 SInv}
   (You acquired it on level 5 of the Vaults)

   [ring of positive energy]

   Int:       It affects your intelligence (+3).
   rN:        It protects you from negative energy.
   SInv:      It lets you see invisible.
 l - a ring of willpower (right hand)
 m - the ring "Ziataog" {rPois rCorr Str-2 Dex+5}
   (You found it in Pandemonium)

   [ring of resist corrosion]

   Str:       It affects your strength (-2).
   Dex:       It affects your dexterity (+5).
   rPois:     It protects you from poison.
   rCorr:     It protects you from acid and corrosion.
 w - a ring of flight
 C - the ring "Soviurry" (left hand) {+Blink rElec rN+ rCorr Int-2}
   (You found it on level 3 of the Crypt)

   [ring of positive energy]

   Int:       It affects your intelligence (-2).
   rElec:     It insulates you from electricity.
   rN:        It protects you from negative energy.
   +Blink:    It lets you blink.
   rCorr:     It protects you from acid and corrosion.
 H - the ring of the Butterfly {rC+ MP-9 Str+8 Dex+2 Stlth+}
   (You took it off a deep elf high priest on level 3 of the Elven Halls)

   [ring of protection from cold]

   Str:       It affects your strength (+8).
   Dex:       It affects your dexterity (+2).
   rC:        It protects you from cold.
   MP:        It affects your magic capacity (-9).
   Stlth:     It makes you more stealthy.
Wands
 u - a wand of iceblast (63)
 v - a wand of digging (26)
 D - a wand of flame (165)
 N - a wand of acid (38)
 P - a wand of mindburst (89)
 T - a wand of charming (124)
Scrolls
 f - a scroll of enchant armour
 o - 5 scrolls of fear
 r - 2 scrolls of brand weapon
 t - 17 scrolls of teleportation
 E - 8 scrolls of poison
 F - 8 scrolls of immolation
 I - 2 scrolls of silence
 J - 8 scrolls of enchant weapon
 Q - 7 scrolls of magic mapping
 V - 6 scrolls of fog
Potions
 c - 4 potions of ambrosia
 d - 3 potions of might
 h - 6 potions of haste
 j - 11 potions of mutation
 k - 11 potions of magic
 n - 5 potions of resistance
 p - 11 potions of flight
 q - 13 potions of curing
 y - 5 potions of attraction
 A - 8 potions of berserk rage
 B - 5 potions of invisibility
 R - 5 potions of cancellation


   Skills:
 O Level 27 Fighting
 + Level 25.2 Long Blades
 + Level 22.2 Armour
 - Level 10.0 Dodging
 O Level 27 Shields
 O Level 27 Invocations
 * Level 9.6 Evocations


You had 26 spell levels left.
You didn't know any spells.
Your spell library contained the following spells:

 Spells                   Type           Power      Damage    Failure   Level
 Foxfire                  Conj/Fire      0%         2x1d4     91%         1
 Magic Dart               Conj           0%         1d3       91%         1
 Slow                     Hex            0%         N/A       91%         1
 Summon Small Mammal      Summ           0%         N/A       91%         1
 Blink                    Tloc           0%         N/A       97%         2
 Call Imp                 Summ           0%         N/A       97%         2
 Cigotuvi's Dreadful Rot  Necr/Pois/Air  0%         N/A       97%         2
 Ensorcelled Hibernation  Hex/Ice        0%         N/A       97%         2
 Momentum Strike          Conj/Tloc      0%         3d8       97%         2
 Passwall                 Tmut/Erth      0%         N/A       97%         2
 Poisonous Vapours        Pois/Air       0%         N/A       97%         2
 Scorch                   Fire           0%         2d5       97%         2
 Sublimation of Blood     Necr           0%         N/A       97%         2
 Call Canine Familiar     Summ           0%         N/A       99%         3
 Dazzling Flash           Conj/Hex       0%         N/A       99%         3
 Frozen Ramparts          Ice            0%         1d1       99%         3
 Hailstorm                Conj/Ice       0%         3d3       99%         3
 Ignite Poison            Fire/Tmut/Pois 0%         N/A       99%         3
 Inner Flame              Hex/Fire       0%         N/A       99%         3
 Mephitic Cloud           Conj/Pois/Air  0%         N/A       99%         3
 Ozocubu's Armour         Ice            0%         N/A       99%         3
 Portal Projectile        Hex/Tloc       0%         N/A       99%         3
 Stone Arrow              Conj/Erth      0%         3d7       99%         3
 Summon Guardian Golem    Hex/Summ       0%         N/A       99%         3
 Swiftness                Air            0%         N/A       99%         3
 Tukima's Dance           Hex            0%         N/A       99%         3
 Volatile Blastmotes      Fire/Tloc      0%         2d10      99%         3
 Anguish                  Hex/Necr       0%         N/A       100%        4
 Animate Armour           Summ/Erth      0%         N/A       100%        4
 Cause Fear               Hex            0%         N/A       100%        4
 Flame Wave               Conj/Fire      0%         2d4       100%        4
 Fulminant Prism          Conj/Hex       0%         3d5       100%        4
 Ice Form                 Ice/Tmut       0%         N/A       100%        4
 Iskenderun's Mystic Bla  Conj/Tloc      0%         2d3       100%        4
 Leda's Liquefaction      Hex/Erth       0%         N/A       100%        4
 Manifold Assault         Tloc           0%         N/A       100%        4
 Passage of Golubria      Tloc           0%         N/A       100%        4
 Petrify                  Tmut/Erth      0%         N/A       100%        4
 Sticky Flame             Conj/Fire      0%         2d3       100%        4
 Summon Ice Beast         Ice/Summ       0%         N/A       100%        4
 Agony                    Necr           0%         N/A       100%        5
 Arcjolt                  Conj/Air       0%         1d10      100%        5
 Blade Hands              Tmut           0%         N/A       100%        5
 Fireball                 Conj/Fire      0%         3d3       100%        5
 Freezing Cloud           Conj/Ice/Air   0%         6-21      100%        5
 Irradiate                Conj/Tmut      0%         3d11      100%        5
 Iskenderun's Battlesphe  Conj           0%         2d6       100%        5
 Lee's Rapid Deconstruct  Erth           0%         3d4*      100%        5
 Metabolic Englaciation   Hex/Ice        0%         N/A       100%        5
 Silence                  Hex/Air        0%         N/A       100%        5
 Summon Mana Viper        Hex/Summ       0%         N/A       100%        5
 Yara's Violent Unravell  Hex/Tmut       0%         3d3       100%        5
 Conjure Ball Lightning   Conj/Air       0%         3x3d6     100%        6
 Iron Shot                Conj/Erth      0%         9d1       100%        6
 Plasma Beam              Fire/Air       0%         2x1d11    100%        6
 Simulacrum               Ice/Necr       0%         N/A       100%        6
 Starburst                Conj/Fire      0%         6d3       100%        6
 Statue Form              Tmut/Erth      0%         N/A       100%        6
 Summon Cactus Giant      Summ           0%         N/A       100%        6
 Dragon Form              Tmut           0%         N/A       100%        7
 Enfeeble                 Hex            0%         N/A       100%        7
 Monstrous Menagerie      Summ           0%         N/A       100%        7
 Spellforged Servitor     Conj/Summ      0%         N/A       100%        7
 Storm Form               Tmut/Air       0%         N/A       100%        7
 Discord                  Hex            0%         N/A       100%        8
 Disjunction              Tloc           0%         N/A       100%        8
 Ignition                 Fire           0%         3d3       100%        8
 Chain Lightning          Conj/Air       0%         N/A       100%        9
 Dragon's Call            Summ           0%         N/A       100%        9
 Fire Storm               Conj/Fire      0%         5d1       100%        9
 Shatter                  Erth           0%         3d5*      100%        9


Dungeon Overview and Level Annotations

Branches:
Dungeon (15/15) Zot: 24114  Temple (1/1) D:4 Zot: 5902    Lair (5/5) D:8 Zot: 24346
  Swamp (4/4) Lair:3 Zot: 19962   Snake (4/4) Lair:2 Zot: 19184   Slime (5/5) Lair:5 Zot: 26137
    Orc (2/2) D:12 Zot: 10483     Elf (3/3) Orc:2 Zot: 14206  Vaults (5/5) D:13 Zot: 21525
  Crypt (3/3) Vaults:3 Zot: 14316    Tomb (0/3) Crypt:3      Depths (4/4) D:15 Zot: 17339
    Zot (0/5) Depths:4      IceCv (visited)         Gauntlet (visited)

Altars:
Ashenzari
Cheibriados
Dithmenos
Elyvilon
Fedhas
Gozag
Hepliaklqana
Kikubaaqudgha
Makhleb
Nemelex Xobeh
Okawaru
Qazlal
Ru
Sif Muna
Trog
Uskayaw
Vehumet
Wu Jian
Xom
Yredelemnul
Zin
The Shining One
Jiyva

Shops:
D:9 *   D:13 *   D:15 **   Orc:1 **   Orc:2 =[:[   Elf:1 :   Elf:2 (*   Elf:3 :
Snake:2 *:*[   Snake:3 :=:   Vaults:1 (   Vaults:2 *:*:   Vaults:4 [
Depths:1 :(   Depths:3 [

Portals:
Hell: Depths:1 Depths:2 Depths:3 Depths:4
Abyss: Depths:2 Depths:3 Depths:4
Pandemonium: Depths:1 Depths:2
Ziggurat: Depths:2

Annotations:
D:11 3 runed translucent doors, HumanPerson's ghost, journeyman FoFi
D:12 1 transporter, Shukka's ghost, journeyman MiBe
Vaults:2 3 runed translucent doors, Tang's ghost, master DsGl
Vaults:3 4 runed translucent doors
Pan Mnoleg


Innate Abilities, Weirdness & Mutations

You have a pair of horns on your head.
You reflexively headbutt those who attack you in melee.


Message History

The sixfirhy hits you.
* * * LOW HITPOINT WARNING * * *
The sixfirhy shocks you. You resist.
* * * LOW HITPOINT WARNING * * *
Mnoleg claws you but does no damage. Mnoleg tentacle-slaps you.
* * * LOW HITPOINT WARNING * * *
Zin protects your body from mutation! Mnoleg gores you!
* * * LOW HITPOINT WARNING * * *
Mnoleg kicks you but does no damage.
The sixfirhy hits you but does no damage.
The large abomination hits you but does no damage. x2
A cacodemon comes into view.
The tentacled monstrosity tentacle-slaps you but does no damage.
The tentacled monstrosity tentacle-slaps you!
* * * LOW HITPOINT WARNING * * *
The tentacled monstrosity tentacle-slaps you but does no damage.
The tentacled monstrosity constricts you.
The neqoxec gestures at you.
Something tries to feed on your intellect!
Mnoleg calls on the powers of chaos!
The floating eye seems to speed up.
The cacodemon suddenly seems more agile.
The large abomination suddenly seems more agile.
The tentacled monstrosity seems to speed up.
The tormentor seems to speed up.
The large abomination suddenly seems more resistant.
The large abomination seems to grow stronger.
The white very ugly thing seems to speed up.
The sixfirhy seems to grow stronger.
The chaos spawn seems to grow stronger.
The sixfirhy hits you but does no damage.
The floating eye's view fixates on you. The white very ugly thing gores you.
* * * LOW HITPOINT WARNING * * *
The white very ugly thing freezes you! You resist.
* * * LOW HITPOINT WARNING * * *
The sixfirhy hits you.
* * * LOW HITPOINT WARNING * * *
The sixfirhy shocks you. You resist.
You die...

#......#..##......#
..#.....#..##....##
#......#..##.#..##
#.#...#..##..####
#....#..###...##
#.#.#..## ##...##
#..#..## ##...##
#.#..## ##.XX##
#..?## #.4u@3# #..#
#...#X&X# #.#
#...###XXG2. #.
#...# #32.## #
#...# #...# # ...#
#...# # .3# #... #
..# #


You could see Mnoleg, 2 tentacled monstrosities, a white very ugly thing (fast),
a cacodemon (agile), 4 large abominations, a sixfirhy (strong, agile), a
tormentor (fast, resistant), 2 neqoxecs, a chaos spawn (strong) and a floating
eye (summoned, fast, charged).

Vanquished Creatures
  Cerebov (Pan)
  the Royal Jelly (Slime:5)
  A seraph (Pan)
  A dread lich (Crypt:3)
  A pandemonium lord (Pan)
  2 ancient liches
  Mennas (Vaults:2)
  2 juggernauts
  Josephina (Depths:2)
  A royal mummy (Crypt:1)
  Sojobo (Depths:2)
  Frederick (Depths:4)
  A shard shrike (IceCv)
  Saint Roka (Crypt:1)
  Bai Suzhen (Vaults:2)
  5 caustic shrikes (Depths:2)
  The ghost of Fainec the Devastator, a veteran GrEE of Lugonu (Crypt:3)
  The ghost of MackTheKnife the Eclecticist, an adept DrVM of Gozag (Vaults:3)
  Nikola (Elf:3)
  2 golden dragons
  3 bone dragons
  A pearl dragon (Pan)
  3 doom hounds (Depths:4)
  3 Brimstone Fiends (Pan)
  4 tentacled monstrosities
  2 Tzitzimimeh
  An Ice Fiend (Pan)
  A shard shrike skeleton (Crypt:3)
  3 liches
  Asterion (Snake:1)
  A Hell Sentinel (Pan)
  A deep elf blademaster (Elf:3)
  Grunn (Depths:4)
  4 titans (Vaults:5)
  A deep elf master archer (Elf:3)
  2 quicksilver dragons (Vaults:5)
  11 ancient champions
  23 acid blobs
  4 Executioners (Pan)
  3 storm dragons (Vaults:5)
  6 tentacled starspawn
  A thorn hunter (Swamp:4)
  6 sphinxes
  2 storm dragons (shapeshifter) (Vaults:5)
  12 tengu reavers
  12 azure jellies
  A fenstrider witch (shapeshifter) (Vaults:5)
  2 shadow dragons (Vaults:5)
  14 rockslimes
  3 revenants
  18 daevas (Pan)
  2 demonspawn warmongers (Pan)
  A draconian knight (Depths:4)
  2 fenstrider witches
  10 fire giants
  Aizul (Snake:3)
  6 nagarajas
  20 vault wardens
  4 frost giants
  An iron dragon (Depths:4)
  7 deep elf sorcerers
  A draconian shifter (Depths:4)
  A spectral caustic shrike (Crypt:1)
  14 balrugs
  3 orc warlords
  9 deep elf elementalists
  13 ghouls
  16 stone giants
  31 angels
  2 spriggan defenders
  Louise (Elf:3)
  6 cacodemons (Pan)
  2 war gargoyles
  2 reapers (Pan)
  29 very ugly things
  16 ironbound preservers
  15 ophanim
  7 caustic shrike skeletons (Crypt:3)
  14 ironbound thunderhulks
  A demonspawn corrupter (Pan)
  A juggernaut skeleton (Crypt:3)
  2 green draconians (Depths:4)
  4 eleionomae
  10 vampire knights
  3 quicksilver oozes
  A putrid mouth (Depths:4)
  A spectral titan (Crypt:1)
  4 deep elf demonologists
  13 deep elf annihilators
  2 black draconians (Depths:4)
  3 bunyips
  A minotaur (Gauntlet)
  3 spark wasps (Depths:4)
  2 pale draconians (Depths:4)
  2 red draconians (Depths:4)
  3 lorocyprocas
  21 apis (Pan)
  14 dire elephants
  A white draconian (IceCv)
  6 eidola
  2 blizzard demons (Pan)
  A merfolk impaler (Depths:3)
  3 green deaths
  15 ettins
  7 crystal guardians
  An acid blob zombie (Crypt:2)
  8 deep elf death magi
  2 spectral fenstrider witches (Crypt:1)
  3 mummy priests (Crypt:1)
  10 deep elf high priests
  34 vault guards
  4 entropy weavers
  11 jiangshi
  2 salamander tyrants
  10 great orbs of eyes
  12 fire dragons
  Fannar (Lair:1)
  14 yaktaur captains
  A ghost crab (Swamp:2)
  10 rakshasas
  Erolcha (D:10)
  12 ice dragons
  12 ironbound frosthearts
  2 spriggan skeletons (Crypt:3)
  A juggernaut simulacrum (Depths:2)
  5 spriggan air magi
  A hell beast (Pan)
  18 hydras
  3 ogre magi
  3 peacekeepers
  A merfolk avatar (Lair:5)
  6 two-headed ogres
  16 centaur warriors
  A fenstrider witch skeleton (Crypt:3)
  5 boulder beetles
  2 death knights
  10 anacondas
  32 dancing weapons
  Erica (D:8)
  12 alligators
  9 vampire magi
  An anaconda (shapeshifter) (Vaults:1)
  11 naga warriors
  2 deep troll shamans
  A hell hog (Abyss:1)
  9 tengu warriors
  A spectral dire elephant (Crypt:1)
  21 death yaks
  9 naga sharpshooters
  4 thrashing horrors
  A deep troll earth mage (Depths:2)
  An orc high priest (Elf:3)
  6 shock serpents
  Urug (Lair:3)
  A spectral emperor scorpion (Crypt:1)
  18 deep elf knights
  19 hell knights
  4 spriggan berserkers
  35 skeletal warriors
  6 soul eaters
  Nergalle (Lair:3)
  An emperor scorpion zombie (Crypt:2)
  A fire crab (Gauntlet)
  33 sun demons
  4 wretched stars
  A spatial maelstrom (Abyss:1)
  2 titan skeletons (Crypt:3)
  10 goliath frogs
  Amaemon (D:8)
  14 cherubim
  An anaconda zombie (Crypt:3)
  2 shadow wraiths
  6 sixfirhies
  7 flayed ghosts
  A spectral minotaur (Crypt:1)
  A sea snake (Lair:5)
  55 deep trolls
  8 salamander mystics
  3 iron trolls
  2 spectral anacondas (Snake:3)
  5 spriggan druids
  A goliath frog (shapeshifter) (Vaults:4)
  A death drake (Swamp:1)
  2 spectral bunyips (Crypt:1)
  A spectral iron dragon (Crypt:1)
  39 large abominations
  11 bog bodies
  6 naga ritualists
  An anaconda skeleton (Crypt:3)
  A golden dragon skeleton (Depths:2)
  21 phantasmal warriors
  17 swamp dragons
  Pikel (D:7)
  An orange crystal statue (IceCv)
  14 deep elf archers
  A lindwurm (shapeshifter) (Vaults:5)
  An obsidian statue (Crypt:1)
  9 wizards
  A wolf spider zombie (Crypt:3)
  7 glowing orange brains
  20 ironbound convokers
  20 deep elf zephyrmancers
  6 lindwurms
  A frost giant zombie (Vaults:5)
  39 deep elf pyromancers
  2 iron giant skeletons
  13 mana vipers
  2 harpies
  An oklob plant (Lair:5)
  9 necromancers
  17 orc knights
  9 shining eyes
  25 elephants
  A fire giant zombie (Depths:2)
  4 orc sorcerers
  3 will-o-the-wisps
  2 worldbinders
  A cyclops (D:12)
  3 manticores
  53 ugly things
  A spectral ettin (Crypt:1)
  A spectral fire dragon (Crypt:1)
  An iron dragon skeleton (Depths:2)
  3 demonic crawlers (Pan)
  17 naga magi
  Joseph (D:8)
  24 salamanders
  14 vault sentinels
  2 guardian serpents (Snake:4)
  2 titan simulacra
  2 apocalypse crabs (Abyss:1)
  45 black mambas
  14 orange demons
  A gargoyle (D:12)
  2 eyes of devastation
  A stone giant skeleton (Crypt:2)
  9 smoke demons
  A hellion (Abyss:4)
  A torpor snail (Lair:5)
  A minotaur zombie (Gauntlet)
  2 unseen horrors (shapeshifter)
  Maggie (D:8)
  10 cane toads
  3 spectral sea snakes (Snake:3)
  2 unseen horrors (D:12)
  A kobold demonologist (Depths:4)
  33 yaktaurs
  An anaconda simulacrum (Snake:3)
  A death yak skeleton (Crypt:1)
  A rime drake (shapeshifter) (D:15)
  18 rime drakes
  7 tengu conjurers
  A pale draconian zombie (Crypt:2)
  13 efreet
  3 tormentors
  10 freezing wraiths
  11 komodo dragons
  A red devil (Pan)
  8 guardian mummies (Crypt:1)
  9 trolls
  A sea snake skeleton (Snake:3)
  5 hellwings (Pan)
  A pale draconian skeleton (Crypt:1)
  A tarantella (shapeshifter) (Vaults:5)
  11 ancient zymes
  An unseen horror skeleton (Crypt:3)
  5 tyrant leeches
  11 hornets
  3 spectral harpies (Crypt:1)
  24 polar bears
  A blink frog (shapeshifter) (Vaults:5)
  A wind drake (Lair:5)
  3 saltlings (Vaults:1)
  3 harpy skeletons (Crypt:3)
  A tarantella (Vaults:1)
  A hydra skeleton (Crypt:3)
  22 blink frogs
  5 raiju
  A raiju (shapeshifter) (D:11)
  7 dream sheep (Lair:3)
  18 flying skulls
  136 slime creatures
  3 shadows
  A spectral black mamba (Crypt:1)
  6 wyverns
  13 ynoxinuls
  2 guardian serpent skeletons (Snake:3)
  9 spriggans
  2 water elementals
  A black mamba zombie (Crypt:3)
  4 vampires
  An ettin skeleton (Crypt:3)
  43 yaks
  5 fire elementals
  10 wraiths
  10 humans (D:13)
  4 basilisks
  9 fire bats
  6 golden eyes
  2 sea snake simulacra (Snake:3)
  4 redbacks
  3 elf zombies
  5 starcursed masses (Abyss:1)
  5 steam dragons
  20 neqoxecs
  8 vampire mosquitoes
  A skyshark zombie (Crypt:3)
  A merfolk zombie (Crypt:3)
  6 wargs
  7 chaos spawn
  12 swamp worms
  3 acid dragons
  2 human simulacra
  48 nagas
  12 water moccasins
  Duvessa (D:5)
  A floating eye (shapeshifter) (Vaults:4)
  2 naga skeletons (Snake:3)
  A two-headed ogre skeleton (Crypt:2)
  2 floating eyes
  6 swamp drakes (Swamp:4)
  48 orc warriors
  4 black bears
  An ettin simulacrum (Vaults:5)
  2 ice beasts
  7 ogres
  5 boggarts (D:15)
  22 centaurs
  16 small abominations
  17 wolves
  A phantom (D:5)
  A manticore skeleton (Crypt:1)
  A hog skeleton (Crypt:1)
  7 kobold brigands
  8 bullfrogs
  5 earth elementals
  2 glowing shapeshifter simulacra
  10 necrophages
  4 scorpions
  22 wights
  Dowan (D:5)
  4 spectral nagas
  6 killer bees (D:8)
  6 howler monkeys
  6 electric eels
  3 crimson imps (Pan)
  7 hounds
  2 quasits (Abyss:1)
  2 centaur skeletons
  9 orc priests
  A gnoll bouda (D:7)
  2 iron imps
  A sleepcap (D:7)
  2 iguanas (D:6)
  15 orc wizards
  A deep dwarf zombie (Crypt:2)
  A hound skeleton (Crypt:1)
  Robin (D:2)
  10 gnolls
  8 adders
  2 naga simulacra (Snake:3)
  3 shadow imps
  5 white imps
  An ufetubus (Abyss:1)
  A jelly zombie (Crypt:3)
  3 worms
  A dart slug (D:3)
  66 orcs
  8 bats
  A bat skeleton (Crypt:1)
  6 endoplasms
  4 giant cockroaches
  15 goblins
  11 hobgoblins
  4 jackals (D:4)
  33 kobolds
  3 quokkas
  9 ball pythons
  4 frilled lizards
  A jackal zombie (Crypt:2)
  9 rats
  A rat skeleton (Crypt:1)
  3 fire vortices (Pan)
  2 lurking horrors
  8 pillars of salt
  4 starspawn tentacles
2793 creatures vanquished.

Vanquished Creatures (collateral kills)
  A hornet (Depths:3)
  A spriggan (Swamp:2)
2 creatures vanquished.

Vanquished Creatures (others)
  A fire giant (Vaults:5)
  An ettin (Vaults:5)
  An ice dragon (D:15)
  A vault guard (Vaults:5)
  3 alligators
  A deep elf knight (Elf:2)
  A sun demon (Pan)
  A wizard (D:15)
  A deep elf zephyrmancer (Elf:2)
  A tengu conjurer (Depths:3)
  A red devil (Pan)
  3 bloated husks
  2 fire giant simulacra (Depths:2)
  A fire bat (Depths:4)
  A swamp worm (Swamp:2)
  A centaur (Orc:2)
  A spectral naga (Snake:3)
  An orc wizard (Orc:2)
  4 orcs
  A bush (Lair:5)
  A fire vortex (Lair:4)
  22 foxfires
  60 fungi
  13 pillars of salt
  80 plants
  11 starspawn tentacles
  2 withered plants (D:3)
217 creatures vanquished.

Grand Total: 3012 creatures vanquished

Notes
Turn   | Place    | Note
-------+----------+-------------------------------------------
     0 | D:1      | Dirian the Minotaur Monk began the quest for the Orb.
     0 | D:1      | Reached XP level 1. HP: 19/19 MP: 0/0
    44 | D:1      | Reached XP level 2. HP: 18/27 MP: 1/1
   100 | D:1      | Reached skill level 1 in Armour
   311 | D:1      | Reached XP level 3. HP: 32/33 MP: 2/2
   816 | D:2      | Noticed Robin
   836 | D:2      | Killed Robin
   837 | D:2      | Reached XP level 4. HP: 20/39 MP: 3/3
  1097 | D:2      | Found a hide-covered altar of Uskayaw.
  1345 | D:2      | Reached skill level 5 in Long Blades
  1479 | D:3      | Found a faded altar of an unknown god.
  1766 | D:3      | Identified the +5 dagger "Ysov" {distort, rPois Will+
                  | Dex+5}
  2097 | D:3      | Found a glowing silver altar of Zin.
  2142 | D:3      | Found an opulent altar of Gozag.
  2515 | D:4      | Reached XP level 5. HP: 22/47 MP: 4/4
  2794 | D:4      | Found a staircase to the Ecumenical Temple.
  2804 | D:4      | Reached skill level 5 in Fighting
  2806 | Temple   | Entered the Ecumenical Temple
  2943 | D:4      | Identified the +7 mace "Goblinslayer" {protect, *Slow rPois
                  | rCorr Str+5}
  2964 | D:4      | Reached XP level 6. HP: 51/56 MP: 5/5
  3206 | D:4      | Got the Incunabulum of the Volatile Oath
  3624 | D:5      | Entered Level 5 of the Dungeon
  3690 | D:5      | Reached skill level 1 in Shields
  3766 | D:5      | Reached XP level 7. HP: 60/61 MP: 6/6
  3820 | D:5      | Noticed Duvessa
  3964 | D:5      | Noticed Dowan
  3988 | D:5      | Killed Duvessa
  4001 | D:5      | Killed Dowan
  4324 | D:5      | Reached XP level 8. HP: 67/70 MP: 7/7
  4335 | D:5      | Reached skill level 5 in Armour
  4711 | D:3      | Became a worshipper of Zin the Law-Giver
  4711 | D:3      | Reached * piety under Zin
  4711 | D:3      | Reached ** piety under Zin
  4711 | D:3      | Reached *** piety under Zin
  5269 | D:6      | Reached **** piety under Zin
  5603 | D:6      | Identified a scroll of acquirement
  5638 | D:6      | Acquired 1131 gold pieces
  5639 | D:6      | Reached ***** piety under Zin
  6308 | D:7      | Reached skill level 10 in Long Blades
  6308 | D:7      | Reached XP level 9. HP: 12/79 MP: 6/8
  6510 | D:7      | Found a snail-covered altar of Cheibriados.
  6574 | D:7      | Reached skill level 5 in Shields
  6574 | D:7      | Reached skill level 1 in Invocations
  6581 | D:7      | Noticed Pikel
  6607 | D:7      | Killed Pikel
  7028 | D:8      | Found a burning altar of Makhleb.
  7042 | D:8      | Noticed an orange demon
  7042 | D:8      | Noticed Amaemon
  7061 | D:8      | Killed Amaemon
  7075 | D:8      | Killed an orange demon
  7129 | D:8      | Found an ancient bone altar of Kikubaaqudgha.
  7235 | D:8      | Noticed Erica
  7245 | D:8      | Killed Erica
  7246 | D:8      | Reached skill level 5 in Invocations
  7246 | D:8      | Reached XP level 10. HP: 63/88 MP: 10/13
  7315 | D:8      | Found an iron altar of Okawaru.
  8454 | D:9      | Noticed a two-headed ogre
  8463 | D:9      | Killed a two-headed ogre
  8464 | D:9      | Found Vacygyxt's Gadget Gallery.
  8895 | D:9      | Reached skill level 10 in Fighting
  9083 | D:9      | Noticed a two-headed ogre
  9096 | D:9      | Killed a two-headed ogre
  9097 | D:9      | Reached XP level 11. HP: 86/101 MP: 16/16
  9248 | D:9      | Found a shimmering blue altar of Sif Muna.
  9248 | D:9      | Found a basalt altar of Yredelemnul.
  9454 | D:8      | Noticed Joseph
  9476 | D:8      | Killed Joseph
  9556 | D:10     | Entered Level 10 of the Dungeon
  9629 | D:10     | Reached skill level 1 in Evocations
  9838 | D:10     | Noticed Erolcha
 10042 | D:10     | Found a radiant altar of Vehumet.
 10081 | D:10     | Noticed a two-headed ogre
 10090 | D:10     | Killed a two-headed ogre
 10250 | D:10     | Found a bloodstained altar of Trog.
 10271 | D:10     | Killed Erolcha
 10388 | D:10     | Found a hazy altar of Hepliaklqana.
 10929 | D:11     | Found a gate leading to a gauntlet.
 10951 | D:11     | Identified the +0 scale mail of the Sacrificial Victim
                  | {rN+}
 10987 | Gauntlet | Entered a Gauntlet
 10987 | Gauntlet | Noticed a catoblepas
 10987 | Gauntlet | Noticed a large abomination
 10987 | Gauntlet | Found a transporter.
 10987 | Gauntlet | Found a transporter.
 11052 | Gauntlet | Found a transporter.
 11068 | Gauntlet | Noticed a fire crab
 11070 | Gauntlet | Found a transporter.
 11070 | Gauntlet | Found a transporter.
 11072 | Gauntlet | Found a transporter.
 11072 | Gauntlet | Found a transporter.
 11084 | Gauntlet | Found a transporter.
 11099 | Gauntlet | Found a runed translucent door.
 11100 | Gauntlet | Found a transporter.
 11101 | Gauntlet | Found a runed translucent door.
 11107 | Gauntlet | Noticed a quicksilver ooze
 11108 | Gauntlet | Found a runed translucent door.
 11110 | Gauntlet | Found a transporter.
 11112 | Gauntlet | Found a runed translucent door.
 11115 | Gauntlet | Found a transporter.
 11142 | Gauntlet | Found a transporter.
 11149 | Gauntlet | Found a transporter.
 11161 | Gauntlet | Found a transporter.
 11224 | Gauntlet | Killed a large abomination
 11225 | Gauntlet | Reached skill level 10 in Invocations
 11440 | Gauntlet | Killed a fire crab
 11657 | Gauntlet | Reached XP level 12. HP: 89/113 MP: 18/18
 11689 | Gauntlet | Identified the +1 cloak of Blue Skies {Regen+}
 11700 | Gauntlet | Identified the +7 chain mail "Raujudwy" {Drain Str+7 Int-3
                  | Dex+3}
 11812 | Gauntlet | Noticed a minotaur
 11832 | Gauntlet | Killed a minotaur
 12239 | D:11     | Reached ****** piety under Zin
 12540 | D:11     | Found a runed translucent gate.
 12540 | D:11     | Found a runed translucent gate.
 12541 | D:11     | Noticed HumanPerson's ghost (journeyman FoFi)
 12542 | D:11     | Found a runed translucent gate.
 12677 | D:12     | You fall into a shaft and drop 1 floor!
 12725 | D:13     | Found Fimpur's General Store.
 12742 | D:13     | Noticed a vault guard
 12753 | D:13     | Noticed a vault guard
 12761 | D:13     | Killed a vault guard
 12775 | D:13     | Killed a vault guard
 12818 | D:13     | Found a gate to the Vaults.
 13209 | D:13     | Reached skill level 5 in Evocations
 13246 | D:13     | Noticed a centaur warrior
 13254 | D:13     | Killed a centaur warrior
 13255 | D:13     | Reached skill level 10 in Armour
 13292 | D:12     | Noticed a boulder beetle
 13295 | D:12     | Found a transporter.
 13299 | D:12     | Noticed Shukka's ghost (journeyman MiBe)
 13307 | D:12     | Noticed a centaur warrior
 13311 | D:12     | Found a transporter.
 13311 | D:12     | Noticed a centaur warrior
 13324 | D:12     | Noticed a two-headed ogre
 13336 | D:12     | Killed a two-headed ogre
 13398 | D:12     | Noticed a centaur warrior
 13406 | D:12     | Killed a centaur warrior
 13637 | D:12     | Found a staircase to the Orcish Mines.
 13709 | D:12     | Noticed a two-headed ogre
 13715 | D:12     | Killed a two-headed ogre
 13716 | D:12     | Reached XP level 13. HP: 113/125 MP: 20/20
 14457 | D:14     | Noticed a fire dragon
 14466 | D:14     | Killed a fire dragon
 14807 | D:14     | Found a shimmering blue altar of Sif Muna.
 14821 | D:14     | Noticed a fire dragon
 14987 | D:14     | Killed a fire dragon
 14993 | D:14     | Reached skill level 15 in Fighting
 15420 | D:15     | Entered Level 15 of the Dungeon
 15435 | D:15     | Found Fofidesurch's Pet Rocks.
 16112 | D:15     | Found a staircase to the Depths.
 16283 | D:15     | Found Ocoputou's Assorted Antiques.
 16348 | D:15     | Bought a potion of curing for 93 gold pieces
 16518 | D:8      | Found a staircase to the Lair.
 16632 | D:8      | Noticed Maggie
 16643 | D:8      | Killed Maggie
 16683 | Lair:1   | Entered Level 1 of the Lair of Beasts
 16732 | Lair:1   | Reached XP level 14. HP: 114/137 MP: 22/22
 16788 | Lair:1   | Reached skill level 10 in Shields
 17028 | Lair:1   | Noticed Fannar
 17042 | Lair:1   | Killed Fannar
 17525 | Lair:2   | Found a staircase to the Snake Pit.
 18424 | Lair:3   | Noticed Nergalle
 18429 | Lair:3   | Killed Nergalle
 18524 | Lair:3   | HP: 1/138 [komodo dragon (66)]
 18636 | Lair:3   | Found a staircase to the Swamp.
 18905 | Lair:3   | Noticed Urug
 18914 | Lair:3   | Killed Urug
 19894 | Lair:4   | Reached XP level 15. HP: 133/147 MP: 23/23
 20068 | Lair:4   | Reached skill level 15 in Long Blades
 20508 | Lair:5   | Entered Level 5 of the Lair of Beasts
 20612 | Lair:5   | Found a staircase to the Slime Pits.
 20612 | Lair:5   | Found a viscous altar of Jiyva.
 21566 | Lair:5   | Found the +7 Spriggan's Knife {stab, EV+4 Stlth+}
 21923 | Orc:1    | Entered Level 1 of the Orcish Mines
 21940 | Orc:1    | Found a radiant altar of Vehumet.
 22293 | Orc:1    | Found Gomigguly's Assorted Antiques.
 22487 | Orc:1    | Found Velusicu's General Store.
 22511 | Orc:1    | Bought a scroll of blinking for 112 gold pieces
 22581 | Orc:2    | Entered Level 2 of the Orcish Mines
 23057 | Orc:2    | Found a staircase to the Elven Halls.
 23307 | Orc:2    | Found Ishroref's Armour Boutique.
 23307 | Orc:2    | Found Com Etor's Book Emporium.
 23309 | Orc:2    | Found Ujaps's Armour Shoppe.
 23311 | Orc:2    | Found Vatohoum's Jewellery Shop.
 23602 | Swamp:1  | Entered Level 1 of the Swamp
 23836 | Swamp:1  | Reached XP level 16. HP: 114/159 MP: 24/24
 24850 | Swamp:2  | Reached skill level 15 in Shields
 25318 | Swamp:3  | Paralysed by a fenstrider witch for 4 turns
 25331 | Swamp:3  | Paralysed by a fenstrider witch for 4 turns
 25335 | Swamp:3  | HP: 6/159 [eleionoma (11)]
 25459 | Swamp:3  | Paralysed by a fenstrider witch for 5 turns
 25470 | Swamp:3  | Zin protects you from harm!
 26268 | Swamp:4  | Entered Level 4 of the Swamp
 26596 | Swamp:4  | Noticed a thorn hunter
 26607 | Swamp:4  | Killed a thorn hunter
 26753 | Swamp:4  | Zin protects you from harm!
 26753 | Swamp:4  | HP: 8/161 [five-headed hydra (2)]
 27131 | Swamp:4  | Reached skill level 15 in Invocations
 27257 | Swamp:4  | Reached XP level 17. HP: 103/169 MP: 27/27
 27445 | Swamp:4  | Got a decaying rune of Zot
 27736 | Vaults:1 | Entered Level 1 of the Vaults
 27905 | Vaults:1 | Identified the ring of Cexkag {Wiz MP+9 Str+4}
 27931 | Vaults:1 | Found a crumbling gateway.
 28187 | Vaults:1 | Identified the +6 long sword of the Dove {flame, rElec}
 28746 | Snake:1  | Entered Level 1 of the Snake Pit
 28809 | Snake:1  | Noticed Asterion
 28821 | Snake:1  | Killed Asterion
 28822 | Snake:1  | Reached skill level 15 in Armour
 29356 | Snake:1  | Found a sacrificial altar of Ru.
 29820 | Snake:2  | Found a frozen archway.
 29829 | IceCv    | Entered an ice cave
 30241 | IceCv    | Reached XP level 18. HP: 159/182 MP: 28/28
 30278 | IceCv    | Noticed a shard shrike
 30357 | IceCv    | Killed a shard shrike
 30385 | IceCv    | Identified the +10 scimitar "Quhuut" {drain, *Noise
                  | Will+++}
 30628 | Snake:2  | Found Mepekhaf's Antique Armour Emporium.
 30862 | Snake:2  | Found Nemmevvink's Assorted Antiques.
 31204 | Snake:2  | Found Atwa's General Store.
 31274 | Snake:2  | Bought a scroll of enchant armour for 105 gold pieces
 31515 | Snake:2  | Found Bukhogh's Book Shop.
 32138 | Snake:3  | Noticed Aizul
 32158 | Snake:3  | Killed Aizul
 32293 | Snake:3  | Found Keulifi's Book Emporium.
 32296 | Snake:3  | Found Iddetzu's Jewellery Boutique.
 32297 | Snake:3  | Found Seczewil's Book Emporium.
 32633 | Snake:2  | Bought a pair of faintly glowing boots for 285 gold pieces
 32633 | Snake:2  | Identified the +1 pair of boots of Foolhardiness {rF+ Str+2
                  | Dex+3} (You bought it in a shop on level 2 of the Snake
                  | Pit)
 32633 | Snake:2  | Bought a glimmering chain mail for 285 gold pieces
 32633 | Snake:2  | Identified the +0 chain mail of Tolehog {rF+} (You bought
                  | it in a shop on level 2 of the Snake Pit)
 32871 | Snake:4  | Entered Level 4 of the Snake Pit
 34054 | Snake:4  | Got a serpentine rune of Zot
 34679 | Vaults:1 | Found Keupt's Weapon Shop.
 35115 | Vaults:2 | Found Iblur's Assorted Antiques.
 35137 | Vaults:2 | Found Bouc's General Store.
 35204 | Vaults:2 | Reached XP level 19. HP: 144/192 MP: 30/30
 35246 | Vaults:2 | Noticed Mennas
 35290 | Vaults:2 | Killed Mennas
 35360 | Vaults:2 | Found a runed translucent gate.
 35360 | Vaults:2 | Found a runed translucent gate.
 35360 | Vaults:2 | Found a runed translucent gate.
 35361 | Vaults:2 | Noticed Tang's ghost (master DsGl)
 35513 | Vaults:2 | Identified the +5 falchion "Vuykherist" {elec, rPois Will+
                  | Int+3}
 35895 | Vaults:2 | Found Teul's Book Shoppe.
 36365 | Vaults:2 | Found a transporter.
 36372 | Vaults:2 | Found Rualurog's Jewellery Shop.
 36376 | Vaults:2 | Found a transporter.
 36448 | Vaults:2 | Found Poifingum's Book Emporium.
 36740 | Vaults:3 | Noticed Bai Suzhen
 36777 | Vaults:2 | Killed Bai Suzhen
 37576 | Vaults:3 | Found a staircase to the Crypt.
 37640 | Vaults:3 | Found a large runed translucent door.
 37640 | Vaults:3 | Found a large runed translucent door.
 37640 | Vaults:3 | Found a large runed translucent door.
 37640 | Vaults:3 | Found a large runed translucent door.
 37640 | Vaults:3 | Found a large runed translucent door.
 37640 | Vaults:3 | Found a large runed translucent door.
 37640 | Vaults:3 | Found a large runed translucent door.
 37640 | Vaults:3 | Found a large runed translucent door.
 37640 | Vaults:3 | Noticed MackTheKnife's ghost (adept DrVM)
 37655 | Vaults:3 | Reached XP level 20. HP: 193/203 MP: 31/31
 37675 | Vaults:3 | Killed MackTheKnife's ghost
 38605 | Vaults:4 | Found Vafug's Antique Armour Shoppe.
 39067 | Vaults:4 | Identified the +3 dagger "Qaovom" {heavy, MP+9 Dex+3}
 39115 | Vaults:4 | Identified the +0 spear of Discomfort {antimagic, rN++
                  | Dex+2}
 39124 | Vaults:4 | Identified the staff of conjuration "Bysa" {SInv}
 39125 | Vaults:4 | Identified the +4 ring mail "Deta" {+Inv rElec Slay+2}
 40322 | Vaults:5 | Entered Level 5 of the Vaults
 40353 | Vaults:5 | HP: 4/209 [titan (37)]
 40354 | Vaults:5 | Reached XP level 21. HP: 4/215 MP: 33/33
 40436 | Vaults:5 | Noticed a golden dragon
 40602 | Vaults:5 | Killed a golden dragon
 40781 | Vaults:5 | Identified the +4 shortbow of Ytelanuy {freeze, rC- Int+5}
 40880 | Vaults:5 | Identified the amulet of Daffodils {Faith rPois Dex+2 SInv}
 41160 | Vaults:5 | Identified the +0 rapier of Brutal Revenge {vamp, Int+6}
 41225 | Vaults:5 | Identified the +11 hand axe of the Eternal Warrior {heavy,
                  | Drain Will++ Str+2 Stlth+}
 41361 | Vaults:5 | Identified the +8 hand axe of the Valley of Death
                  | {antimagic, Dex+3}
 41546 | Vaults:5 | Identified the +3 ring mail "Woneho" {rElec Regen+}
 41855 | Vaults:5 | Noticed an ancient lich
 41875 | Vaults:5 | Killed an ancient lich
 42118 | Vaults:5 | Got a silver rune of Zot
 42134 | Vaults:5 | Identified the +1 chain mail "Cumipik" {Dex+2}
 42200 | Vaults:5 | Reached XP level 22. HP: 223/224 MP: 35/35
 42328 | Vaults:5 | Identified the +5 scale mail of Ekkutuaj {rPois}
 42902 | Slime:1  | Entered Level 1 of the Pits of Slime
 43710 | Slime:5  | Entered Level 5 of the Pits of Slime
 43849 | Slime:5  | Noticed the Royal Jelly
 43946 | Slime:5  | Killed the Royal Jelly
 43995 | Slime:5  | HP: 7/226 [acid (5)]
 44304 | Slime:5  | Got Sif Muna's Directory of Fetching Stones
 44384 | Slime:5  | Got the Teachings on the Molten Snowflakes
 44428 | Slime:5  | Identified the ring "Vevu" {*Slow rElec rPois Str+2 Dex+3}
 44439 | Slime:5  | Identified the +7 scale mail of Happiness {rPois Str+2
                  | Int+2}
 44441 | Slime:5  | Got a slimy rune of Zot
 44898 | Elf:1    | Entered Level 1 of the Elven Halls
 45186 | Elf:1    | Found Lovakhlam's Book Shop.
 45308 | Elf:1    | Identified the +0 scale mail of Zehuemopp {rC+}
 46075 | Elf:2    | Found Voxuan's Weapon Shoppe.
 46104 | Elf:2    | Found Giocaymn's General Store.
 46128 | Elf:2    | Bought a potion of cancellation for 120 gold pieces
 46128 | Elf:2    | Bought a scroll of enchant armour for 112 gold pieces
 46260 | Elf:2    | Reached XP level 23. HP: 201/234 MP: 36/36
 46292 | Elf:2    | Found a runed translucent gate.
 46293 | Elf:2    | Found a runed translucent gate.
 46293 | Elf:2    | Found a runed translucent gate.
 46782 | Elf:3    | Entered Level 3 of the Elven Halls
 46782 | Elf:3    | Noticed Nikola
 46796 | Elf:3    | Killed Nikola
 47095 | Elf:3    | Found Qere's Tremendous Tomes.
 47131 | Elf:3    | Noticed Louise
 47143 | Elf:3    | Killed Louise
 47383 | Elf:3    | Found an ancient bone altar of Kikubaaqudgha.
 48567 | Elf:3    | Identified the +7 broad axe of the Madman {pain, Int+6}
 48567 | Elf:3    | Identified the ring of the Butterfly {rC+ MP-9 Str+8 Dex+2
                  | Stlth+}
 48612 | Elf:3    | Identified the +0 plate armour of Snakes and Ladders {rElec
                  | Int+8 Dex-5}
 48727 | Elf:3    | Identified the +10 scimitar of Yredelemnul's Favour {flame,
                  | rPois rF+}
 48742 | Elf:3    | Identified the staff of cold "Karrac" {Drain rPois rC+
                  | Dex+2}
 48747 | Elf:3    | Got the Parchment of Pneumatic Transmogrification
 48749 | Elf:3    | Identified the +0 arbalest "Xafoabo" {heavy, rPois rF-
                  | Dex+5}
 49051 | Depths:1 | Entered Level 1 of the Depths
 49051 | Depths:1 | Found a glowing silver altar of Zin.
 49300 | Depths:1 | Found Huruu's Book Shoppe.
 49668 | Depths:1 | Found a one-way gate leading to the halls of Pandemonium.
 49820 | Depths:1 | Found Wafy's Weapon Shop.
 50187 | Depths:1 | Found a gateway to Hell.
 50425 | Depths:2 | Identified the ring of Zuil {Ice rN+}
 50425 | Depths:2 | Noticed Josephina
 50433 | Depths:2 | Killed Josephina
 50688 | Depths:2 | Noticed Sojobo
 50711 | Depths:2 | Paralysed by an air elemental for 1 turns
 50718 | Depths:2 | Paralysed by an air elemental for 1 turns
 50746 | Depths:2 | Killed Sojobo
 51054 | Depths:2 | Reached XP level 24. HP: 120/242 MP: 36/36
 51749 | Depths:2 | Found a one-way gateway to a ziggurat.
 51775 | Depths:2 | Found a one-way gate to the infinite horrors of the Abyss.
 52170 | Depths:2 | Paralysed by a floating eye for 4 turns
 52544 | Depths:3 | Identified the staff of cold "Momp" {rC+ Stlth+}
 52990 | Depths:3 | Found Xaibbyko's Antique Armour Emporium.
 53674 | Depths:4 | Entered Level 4 of the Depths
 53730 | Depths:4 | Noticed Frederick
 53784 | Depths:4 | Killed Frederick
 54160 | Depths:4 | Noticed a juggernaut
 54174 | Depths:4 | Killed a juggernaut
 54453 | Depths:4 | Noticed Grunn
 54576 | Depths:4 | Killed Grunn
 54597 | Depths:4 | Found a radiant altar of Vehumet.
 55236 | Depths:4 | Reached XP level 25. HP: 249/249 MP: 36/37
 55434 | Depths:4 | Reached skill level 27 in Shields
 55750 | Depths:4 | Found a gate to the Realm of Zot.
 55967 | D:15     | Acquired the ring "Iraoti" {rN+ Int+3 SInv}
 56156 | Crypt:1  | Entered Level 1 of the Crypt
 56797 | Crypt:1  | Noticed a royal mummy
 56814 | Crypt:1  | Noticed Saint Roka
 57065 | Crypt:1  | Killed Saint Roka
 57603 | Crypt:1  | Identified the +0 plate armour "Gucoit" {rPois Str+2}
 57672 | Crypt:1  | Killed a royal mummy
 58797 | Crypt:3  | Entered Level 3 of the Crypt
 58858 | Crypt:3  | Found a staircase to the Tomb.
 59166 | Crypt:3  | Identified the amulet of Spite {rC+ Regen+}
 59166 | Crypt:3  | Identified the ring "Soviurry" {+Blink rElec rN+ rCorr
                  | Int-2}
 59316 | Crypt:3  | Found a runed translucent door.
 59320 | Crypt:3  | Noticed Fainec's ghost (veteran GrEE)
 59342 | Crypt:3  | Killed Fainec's ghost
 59353 | Crypt:3  | Identified the staff of air "Peme" {rElec rF- rC+ rCorr
                  | Stlth+}
 59560 | Crypt:3  | Identified the +6 scale mail of the Reasonable God {-Cast
                  | rElec rC++ SInv}
 59695 | Crypt:3  | Reached XP level 26. HP: 258/258 MP: 39/39
 59762 | Crypt:3  | Noticed a dread lich
 59764 | Crypt:3  | Found the amulet of Vitality {RegenMP++ Regen++}
 59774 | Crypt:3  | Killed a dread lich
 59844 | Crypt:3  | Identified the amulet "Xusead" {Faith Str+2}
 60439 | Snake:3  | Bought a manual of Dodging for 960 gold pieces
 60913 | Depths:2 | Voluntarily entered the Abyss.
 61080 | Abyss:1  | Found a corrupted altar of Lugonu.
 61082 | Abyss:1  | Found a corrupted altar of Lugonu.
 61118 | Abyss:1  | Found a corrupted altar of Lugonu.
 61126 | Abyss:1  | Found a corrupted altar of Lugonu.
 61399 | Abyss:1  | Found a corrupted altar of Lugonu.
 61439 | Abyss:1  | Reached skill level 27 in Invocations
 61444 | Abyss:1  | Found a corrupted altar of Lugonu.
 61521 | Abyss:1  | Found a corrupted altar of Lugonu.
 61631 | Abyss:1  | Paralysed by you for 4 turns
 61676 | Abyss:1  | Found a corrupted altar of Lugonu.
 61760 | Abyss:2  | Found a corrupted altar of Lugonu.
 61913 | Abyss:2  | Found a corrupted altar of Lugonu.
 61931 | Abyss:2  | Reached skill level 5 in Dodging
 61988 | Abyss:3  | Found a corrupted altar of Lugonu.
 62051 | Abyss:3  | Noticed an ancient lich
 62058 | Abyss:3  | Killed an ancient lich
 62165 | Abyss:4  | Found a corrupted altar of Lugonu.
 62198 | Abyss:4  | Found a corrupted altar of Lugonu.
 62341 | Abyss:4  | Found a corrupted altar of Lugonu.
 62378 | Abyss:4  | Found a glowing golden altar of the Shining One.
 62412 | Abyss:4  | Noticed a juggernaut
 62428 | Abyss:4  | Killed a juggernaut
 62433 | Abyss:4  | Got an abyssal rune of Zot
 62511 | Depths:2 | Escaped the Abyss
 62584 | Pan      | Entered Pandemonium
 62987 | Pan      | Identified the +9 hand axe of Yryece {venom, rElec Will+}
 63148 | Pan      | Found an exit through the horrors of the Abyss.
 63251 | Pan      | Entered the realm of Cerebov.
 63498 | Pan      | Found the +6 sword of Cerebov {flame}
 63498 | Pan      | Noticed Cerebov
 63510 | Pan      | HP: 3/261 [balrug/bolt of fire[Cerebov] (20)]
 63907 | Pan      | HP: 7/261 [Brimstone Fiend/damnation[Cerebov] (25)]
 64174 | Pan      | Killed Cerebov
 64175 | Pan      | Reached XP level 27. HP: 75/269 MP: 39/39
 64271 | Pan      | Identified the staff of cold "Pasum" {Drain rF+ rC+ Int+2
                  | SInv}
 64307 | Pan      | Identified the +4 flail of a bazaar {vamp, Fragile Fly
                  | Will+}
 64336 | Pan      | Got a fiery rune of Zot
 64638 | Pan      | Noticed Xutacvad the pandemonium lord
 64642 | Pan      | Reached skill level 10 in Dodging
 64659 | Pan      | Killed Xutacvad the pandemonium lord
 64889 | Pan      | Found a white marble altar of Elyvilon.
 65198 | Pan      | Identified the +4 tower shield of Ekebucla {rElec rC-
                  | Stlth+}
 65229 | Pan      | Identified the +1 leather armour of Ysiewuip {+Blink Str+3}
 65506 | Pan      | Found a glowing silver altar of Zin.
 66285 | Pan      | Reached skill level 27 in Fighting
 66399 | Pan      | Identified the +9 flail of the Shifting Saviour {chaos,
                  | rPois rF+ rCorr}
 66613 | Pan      | Identified the +0 buckler "Niodiraasch" {rPois rN+ Str+3}
 66640 | Pan      | Noticed a seraph
 66662 | Pan      | Killed a seraph
 66717 | Pan      | Found a glowing golden altar of the Shining One.
 66743 | Pan      | Identified the +5 flail of the Globe {freeze, Fragile rPois
                  | rF++}
 66748 | Pan      | Identified the ring "Ziataog" {rPois rCorr Str-2 Dex+5}
 66752 | Pan      | Got Lumy's Grimoire of Transportation
 66753 | Pan      | Identified the +0 helmet "Erogril" {Regen+}
 66754 | Pan      | Identified the +4 quarterstaff of Infection {protect, *Slow
                  | rC+ Str+3}
 66768 | Pan      | Got a demonic rune of Zot
 67352 | Pan      | Entered the realm of Mnoleg.
 67775 | Pan      | Identified the +4 scale mail of Pandemonium {Str+2}
 67905 | Pan      | Noticed Mnoleg
 67919 | Pan      | Paralysed by a floating eye for 4 turns
 67927 | Pan      | Paralysed by a floating eye for 4 turns
 67929 | Pan      | HP: 2/273 [white very ugly thing (14)]
 67930 | Pan      | Slain by a sixfirhy

Illustrated notes

Levels and vault maps discovered:
D:1:      dpeg_arrival_connections, layout_rooms
D:2:      layout_loops_cross, basic_altar, grunt_decor_junction, uniq_robin
D:3:      layout_basic, pdpol_temple_overflow_zin_treasury_gozag_greed,
          ebering_ecumenical_altar_petrified
D:4:      layout_cave_pods, minmay_temple_entry_tees
D:5:      layout_rooms, kennysheep_cross_room, uniq_duvessa
D:6:      layout_cave_pods
D:7:      layout_basic, lemuel_coloured_pillars_altar, st_stairs_10,
          serial_bayou_pond_a, kennysheep_small_circle, uniq_pikel
D:8:      layout_basic, okawaru_ov_weapons_minmay, kiku_gazebo_garden_becter,
          lemuel_round_altar, erik_lair_island, serial_bayou_pond_e, uniq_erica,
          uniq_joseph, uniq_amaemon, uniq_maggie
D:9:      layout_basic, gammafunk_temple_overflow_pools,
          hangedman_abyss_or_decor_stagger, nicolae_shop_gadgets
D:10:     layout_loops_ring, mainiacjoe_overflow_catwalk,
          nicolae_overflow_squiral, chequers_serial_rivers_micro_a,
          minmay_orc_keep, uniq_erolcha
D:11:     layout_loops_ring, gauntlet_entry_generic, gammafunk_ghost_spectres
D:12:     layout_basic, david_orc_3, nzn_ghost_randoct, glass_columns_b,
          minmay_misc_feat_roman
D:13:     layout_basic, ximxim_vaults_locker_room, serial_shops, shop,
          item_on_display_a
D:14:     minmay_firetagon, layout_irregular_city, nicolae_sif_muna_condensation
D:15:     grunt_enter_depths_hoard, layout_loops_ring, serial_shops,
          nicolae_shop_peninsula, reono_crystal_passage, drop_trap,
          guppyfry_shop_earth
Temple:   jpeg_temple_clearing
Lair:1:   layout_chaotic_city, minmay_holes, st_stairs_13, uniq_fannar
Lair:2:   layout_cellular_growth, guppyfry_snake_entry_garden, minivault_27,
          lemuel_fruit_tree
Lair:3:   layout_cave_pods, swamp_mist, beast_lair_carwin_5, uniq_urug,
          uniq_nergalle
Lair:4:   beast_lair_carwin_large_1, layout_gridlike, grunt_megastairs_4
Lair:5:   gammafunk_lair_ancient_temple, layout_loops_ring, slime_entry_1
Swamp:1:  layout_basic_swamp, serial_swamp_ruin, evilmike_swamp_ruin_house_3,
          evilmike_swamp_ruin_rubble_1
Swamp:2:  layout_falls_marsh, evilmike_swamp_ruin_house_2, swamp_pool1
Swamp:3:  layout_falls_marsh, nicolae_swamp_well_well_well
Swamp:4:  swamp, layout_basic_swamp
Snake:1:  hangedman_cross_veins, layout_rooms, basic_altar, uniq_asterion
Snake:2:  layout_layer_cave, portal_ice_cave_entry_ugly_swarm, serial_shops,
          shop_coins, nicolae_shop_hallway_stairs, nicolae_shop_waterfront,
          nicolae_take_the_stairs
Snake:3:  layout_onion, nicolae_snake_the_dead_are_slithering,
          grunt_megastairs_5, minmay_shop_grove, uniq_aizul
Snake:4:  minmay_snake_end_coiled, layout_chambers,
          nicolae_snake_gridmaze_entwining
Slime:1:  layout_caves
Slime:2:  layout_caves
Slime:3:  nicolae_slime_pool, layout_caves
Slime:4:  layout_caves
Slime:5
Orc:1:    nicolae_orc_accident_1, layout_caves, basic_altar, serial_shops,
          nicolae_shop_trees, nicolae_shop_crystal
Orc:2:    st_orc_rangers, layout_caves, nicolae_orc_lava_tube
Elf:1:    nicolae_elf_arrival_fired_up, layout_geoelf_diagonals, serial_shops,
          nicolae_shop_stone, hangedman_elf_represent
Elf:2:    nicolae_elf_blades_crystal_corner, layout_loops_ring, serial_shops,
          shop, nicolae_stop_n_shop_2
Elf:3:    minmay_elf_hall_golems, layout_geoelf_diagonals, basic_altar,
          nicolae_shop_i_like_big_books, grunt_ministairs_15, uniq_louise,
          uniq_nikola
Vaults:1: portal_desolation_entry_nicolae_nacl, hangedman_vaults_stitches,
          serial_ice_g, dpeg_vaults_waves, v_misc_17, nicolae_vaults_rhombus_7,
          v_misc_25, nicolae_vaults_alarming, vaults_room_fours,
          layout_vaults_omnigrid, serial_shops, shop
Vaults:2: ebering_ghost_rock_garden, nicolae_vaults_stand_back,
          nicolae_vaults_angled_halls, nicolae_vaults_back_hallway,
          nicolae_vaults_trapezoid_lopsided_4, nicolae_vaults_closet_pinwheel_6,
          nicolae_vaults_little_squares_4, nicolae_vaults_closet_pinwheel_5,
          nicolae_vaults_tetromino_T_2, nicolae_vaults_rhombus_5,
          nicolae_vaults_trapezoid_lopsided_3, vaults_room_door_hall,
          nicolae_vaults_sealed_display, layout_vaults_ring, serial_shops,
          nicolae_shop_tiny_real_fake_doors, nicolae_shop_drivethru, shop, shop,
          shop, uniq_mennas
Vaults:3: advil_vaults_ghost_lines, ontoclasm_vaults_shuriken,
          vaults_dpeg_hooks, minmay_crypt_entry_simple_statues,
          vaults_room_hallway, nicolae_vaults_little_squares_6,
          nicolae_vaults_shrinking_rooms_1, hangedman_vaults_stream,
          nicolae_vaults_crenellated_ambush, nicolae_vaults_stairing_the_circle,
          nicolae_vaults_ninety_degrees, hangedman_vaults_variations,
          ontoclasm_vaults_bender, v_alt_pattern_6, nicolae_vaults_cochlea,
          v_misc_25, layout_vaults_omnibox, uniq_bai_suzhen
Vaults:4: nicolae_vaults_little_squares_2, nicolae_vaults_sesquioval_fish,
          nicolae_vaults_three_branches, ontoclasm_vaults_ligature,
          nicolae_vaults_hexular_roomagon, vaults_room_grunt_arrival_checkpoint,
          v_rooms_5, nicolae_vaults_hallways_thing, v_misc_19,
          grunt_vaults_funnel, nicolae_vaults_closet_pinwheel_1,
          nicolae_vaults_storing_the_good_stuff, vaults_room_pools,
          layout_vaults_chaotic_city, serial_shops,
          nicolae_shop_pleasant_corner_grove
Vaults:5
Crypt:1:  lemuel_minitomb, layout_regular_city, grunt_crypt_arrival_split,
          uniq_saint_roka, uniq_margery
Crypt:2:  layout_regular_city, nicolae_elevator_lobby_plus
Crypt:3:  due_elkab, layout_chaotic_city, ebering_ghost_reflecting_pool
Depths:1: layout_cave_shapes, rand_demon_pan_entry_9, old_standard_altar,
          pf_hell_entry_tar_spiral, serial_co_window_serial, co_window_corner_a,
          co_window_corner_a, co_window_cross_1, co_window_cross_1,
          co_window_paths_a, co_window_of_opportunity_a,
          co_window_of_opportunity_a, co_window_corner_a, co_window_corner_a,
          co_window_corner_b, co_window_broadway_b, co_window_paths_c,
          co_window_of_opportunity_b, co_window_corner_cb, co_window_paths_d,
          glass_columns_a, glass_columns_b, glass_columns_b, glass_columns_b,
          serial_shops, nicolae_shop_bloodbath_and_beyond, shop,
          item_on_display_b
Depths:2: minmay_box_of_statues, layout_honeycomb, enter_ziggurat_a, pan_entry,
          minmay_misc_feat_columns, hellmouth_3, abyss_entry, uniq_sojobo,
          uniq_josephina
Depths:3: minmay_octagon_keep, layout_gridlike, nicolae_lava_and_water,
          hangedman_abyss_entry_splay, serial_shops, nicolae_stop_n_shop_2,
          grunt_metal_band, infiniplex_staircase_pool_2
Depths:4: evilmike_zot_entry_gauntlet, layout_basic, serial_corexii_hall,
          corexii_hall_statues_i, corexii_hall_statues_i,
          corexii_hall_statues_x, chequers_hall_statues_wall_a,
          marbit_kobold_abyss_entry, hell_entry, nicolae_vehumet_altar_sigil,
          uniq_grunn, uniq_frederick
Pan:      rand_demon_4, layout_long_grid, nicolae_pan_strange_glyphs
          [nicolae_pan_strange_glyph_acedia, nicolae_pan_strange_glyph_rage,
          nicolae_pan_strange_glyph_schadenfreude,
          nicolae_pan_strange_glyph_regret], nicolae_pan_mnolegish_3,
          nicolae_pan_giant_door, layout_grid_shapes, nicolae_pan_hourglass,
          layout_gridlike, pan_blood_fountain_2, nicolae_pan_mnolegish_1,
          pan_captured_pigsty, evilmike_mini_pan_pillars_b, layout_chambers,
          cerebov_grunt, layout_irregular_city, nicolae_pan_gloorx_vloqian_2,
          nicolae_pan_sigil_itan, evilmike_mini_pan_corridor, layout_small_grid,
          pan_blood_fountain, nicolae_pan_gloorx_vloqian_4, evilmike_holy_pan,
          nicolae_pan_diamonds, layout_small_grid, pan_blood_fountain,
          mnoleg_st, layout_gridlike

Skill      XL: |  1  2  3  4  5  6  7  8  9 10 11 12 13 14 15 16 17 18 19 20 21 22 23 24 25 26 27 |
---------------+----------------------------------------------------------------------------------+-----
Fighting       | 4 5 6 7 8 10 12 14 16 17 18 19 21 22 23 24 25 26 27 | 27.0
Long Blades    | 4 5 6 7 8 10 12 14 15 16 19 21 22 23 25 | 25.2
Armour         | 1 2 3 4 7 8 10 11 12 14 15 16 17 18 21 22 | 22.2
Shields        | 1 2 4 5 6 9 12 14 15 16 19 20 21 23 26 27 | 27.0
Invocations    | 5 8 10 11 12 13 15 16 17 19 21 23 26 27 | 27.0
Evocations     | 3 5 7 9 |  9.6
Dodging        | 9 10 | 10.0

Action                     |  1- 3 |  4- 6 |  7- 9 | 10-12 | 13-15 | 16-18 | 19-21 | 22-24 | 25-27 || total
---------------------------+-------+-------+-------+-------+-------+-------+-------+-------+-------++-------
  Melee: Falchion          |    75 |    23 |       |       |       |       |       |       |       ||    98
         Headbutt          |    11 |    28 |    41 |   137 |   373 |   542 |   665 |   803 |   858 ||  3458
         Long sword        |       |   135 |   234 |       |       |    50 |   255 |    96 |       ||   770
         Scimitar          |       |       |       |   622 |  1339 |  1746 |    49 |       |       ||  3756
         Eudemon blade     |       |       |       |       |       |       |  1429 |  2052 |  2469 ||  5950
 Invoke: Recite            |       |       |     6 |    19 |    24 |    43 |    69 |    46 |    24 ||   231
         Vitalisation      |       |       |     5 |    16 |    29 |    55 |    37 |    56 |    68 ||   266
         Imprison          |       |       |       |       |     1 |       |       |       |       ||     1
         Sanctuary         |       |       |       |       |       |     1 |     1 |     3 |     1 ||     6
  Evoke: Wand              |       |       |       |       |       |     2 |     1 |     2 |       ||     5
    Use: Scroll            |       |     7 |    11 |    11 |     5 |     7 |     9 |     7 |    21 ||    78
         Potion            |       |       |     3 |     2 |     4 |     5 |    18 |     7 |    12 ||    51
   Stab: Sleeping          |       |     1 |       |       |       |       |       |       |       ||     1
         Confused          |       |       |     1 |     2 |    10 |    40 |    68 |    35 |    21 ||   177
         Invisible         |       |       |       |     1 |     7 |     6 |     2 |     7 |       ||    23
         Paralysed         |       |       |       |     2 |    11 |    10 |    12 |    17 |     4 ||    56
         Distracted        |       |       |       |       |       |       |       |       |     5 ||     5
         Petrifying        |       |       |       |       |       |       |       |       |     1 ||     1
 Armour: Robe              |    17 |    39 |       |       |       |       |       |       |       ||    56
         Ring mail         |       |    17 |    24 |       |       |       |       |       |       ||    41
         Chain mail        |       |       |   109 |    74 |   495 |   654 |   393 |   373 |    15 ||  2113
         Scale mail        |       |       |       |   133 |       |       |       |       |       ||   133
         Gold dragon scale |       |       |       |       |       |       |       |       |   521 ||   521
  Dodge: Dodged            |    45 |    86 |   101 |   223 |   432 |   489 |   344 |   299 |   277 ||  2296
  Block: Kite shield       |       |    32 |   122 |   263 |   874 |    95 |       |       |       ||  1386
         Tower shield      |       |       |       |       |       |  1621 |  1479 |  1881 |  2237 ||  7218
